[Event "Titled Tuesday Blitz June 27 Early 2023"]
[White "Kantor, Gergely"]
[Black "Martinez Alcantara, Jose Eduardo"]
[WhiteFideId "751499"]
[BlackFideId "3805662"]
[WhiteElo "2873"]
[BlackElo "2993"]
[Result "0-1"]
[Round "8"]
[TimeControl "180+2"]
[Date "2023.06.27"]
[WhiteClock "0:00:00"]
[BlackClock "0:00:13"]
[Board "9"]

1. d4 Nf6 2. Nf3 e6 3. c4 Bb4+ 4. Bd2 c5 5. Bxb4 cxb4 6. e3 b6 7. Bd3 a5 8. O-O Bb7 9. Nbd2 Na6 10. e4 d6 11. Qe2 O-O 12. Rad1 Qc7 13. e5 dxe5 14. dxe5 Nd7 15. Bxh7+ Kxh7 16. Ng5+ Kh6 17. Qe3 Qc5 18. Qg3 Qxe5 19. Qh4+ Kg6 20. Qh7+ Kf6 21. Ndf3 Qf5 22. Qxf5+ Kxf5 23. Rxd7 Bxf3 24. Nxf3 Nc5 25. Rd6 Rab8 26. Re1 Kf6 27. Red1 Rfc8 28. g4 g5 29. R1d4 b3 30. axb3 Nxb3 31. Re4 Rd8 32. Rxd8 Rxd8 33. Kg2 Rc8 34. Re5 Nd4 35. Re4 Nb3 36. Re5 Rxc4 37. Rxg5 Rb4 38. Rg8 Nc5 39. h4 Ke7 40. h5 Nd7 41. g5 Nf8 42. h6 Rc4 43. Rg7 Ng6 44. h7 Rc8 45. Kg3 Rh8 46. Kg4 Nf8 47. g6 Nxg6 48. Ng5 Ne5+ 49. Kh5 Kf6 50. Rg8 Ng6 51. Kh6 b5 52. Nxf7 Rxh7+ 53. Kxh7 Ne7 54. Rf8 Ng6 55. Ra8 Kxf7 56. Ra7+ Kf6 57. Rxa5 b4 58. Rb5 Ne5 59. Rxb4 Nd3 60. f3 Nxb4 61. Kh6 Nd3 62. Kh5 Nxb2 63. Kg4 Ke5 64. f4+ Ke4 65. Kg5 Nd3 66. Kf6 Nxf4 67. Kg5 e5 0-1


[Site "https://www.chess.com"]

[Event "Titled Tuesday Blitz June 27 Early 2023"]
[White "Narayanan.S.L"]
[Black "Talibov, Shiroghlan"]
[WhiteFideId "5058422"]
[BlackFideId "13429078"]
[WhiteElo "2990"]
[BlackElo "2839"]
[Result "1-0"]
[Round "8"]
[TimeControl "180+2"]
[Date "2023.06.27"]
[WhiteClock "0:01:21"]
[BlackClock "0:00:04"]
[Board "10"]

1. d4 Nf6 2. c4 e6 3. Nf3 d5 4. Bg5 dxc4 5. e4 Be7 6. Nbd2 a6 7. Bxc4 b5 8. Bd3 Bb7 9. O-O Nbd7 10. Qe2 h6 11. Bh4 O-O 12. Rac1 Rc8 13. Nb3 Nh5 14. Bxe7 Qxe7 15. Qe3 c6 16. Rc2 e5 17. dxe5 Nxe5 18. Nxe5 Qxe5 19. Rfc1 Nf6 20. h3 Rfd8 21. f4 Qe7 22. Nc5 Nd5 23. Qd2 Nb6 24. Qf2 Ba8 25. b3 a5 26. Bf1 a4 27. b4 Rd6 28. a3 Rcd8 29. e5 Rd4 30. Re1 Nc4 31. Bxc4 bxc4 32. Nxa4 c5 33. Nxc5 Qa7 34. e6 Rd1 35. exf7+ Qxf7 36. Rxd1 Rxd1+ 37. Kh2 Rd6 38. Qe2 Qxf4+ 39. g3 Qf7 40. Rxc4 Rd1 41. Ne4 Bd5 42. Rc8+ Kh7 43. Qxd1 Bxe4 44. Qe2 Bb7 45. Rb8 1-0


[Site "https://www.chess.com"]

[Event "Titled Tuesday Blitz June 27 Early 2023"]
[White "Horvath, Dominik"]
[Black "Sanal, Vahap"]
[WhiteFideId "1642561"]
[BlackFideId "6300545"]
[WhiteElo "2840"]
[BlackElo "2955"]
[Result "0-1"]
[Round "8"]
[TimeControl "180+2"]
[Date "2023.06.27"]
[WhiteClock "0:00:00"]
[BlackClock "0:00:21"]
[Board "11"]

1. e4 d6 2. d4 Nf6 3. Nc3 e5 4. dxe5 dxe5 5. Qxd8+ Kxd8 6. Bc4 Ke8 7. f4 Bb4 8. Bd3 Nbd7 9. Nf3 exf4 10. Bxf4 c6 11. O-O-O Nc5 12. Be5 Be6 13. Rhe1 Ncd7 14. Bd4 Bc5 15. Ne2 a5 16. Nf4 Bg4 17. Bf1 Bxf3 18. gxf3 Bxd4 19. Rxd4 Ne5 20. Re2 Nxf3 21. Rd3 Ne5 22. Rb3 b5 23. Rc3 Ke7 24. Bh3 b4 25. Rc5 Kd6 26. Rxe5 Kxe5 27. Nd3+ Kd4 28. e5 Nd5 29. Bf5 Kc4 30. a4 bxa3 31. b3+ Kb5 32. c4+ Kb6 33. cxd5 cxd5 34. Kb1 g6 35. Bh3 Rae8 36. Ka2 f5 37. Kxa3 Rc8 38. Nf4 Rhd8 39. Bg2 d4 40. Nd5+ Ka6 41. Rd2 Re8 42. Rxd4 Rxe5 43. Nf6 Re6 44. Nd7 Rc2 45. Nb8+ Ka7 46. Nc6+ Kb6 47. Nd8 Re1 0-1


[Site "https://www.chess.com"]

[Event "Titled Tuesday Blitz June 27 Early 2023"]
[White "Suleymanli, Aydin"]
[Black "Harshavardhan G B"]
[WhiteFideId "13413937"]
[BlackFideId "25059009"]
[WhiteElo "2942"]
[BlackElo "2809"]
[Result "0-1"]
[Round "8"]
[TimeControl "180+2"]
[Date "2023.06.27"]
[WhiteClock "0:00:03"]
[BlackClock "0:00:50"]
[Board "12"]

1. e4 c5 2. Nf3 d6 3. d4 cxd4 4. Nxd4 Nf6 5. Nc3 Nc6 6. Bg5 e6 7. Qd2 a6 8. O-O-O Bd7 9. f4 b5 10. a3 Qb6 11. f5 Qxd4 12. Qxd4 Nxd4 13. Rxd4 Bc6 14. fxe6 fxe6 15. Bd3 e5 16. Bxf6 gxf6 17. Rd5 Rg8 18. g3 Ke7 19. Rf1 Bh6+ 20. Kd1 Be3 21. Rxf6 Kxf6 22. Rxd6+ Kg5 23. Rxc6 Bd4 24. Kd2 Rg6 25. Rc7 Rh6 26. h4+ Kg4 27. Rg7+ Kh3 28. b3 Rf8 29. Ne2 Bf2 30. c4 Rd8 31. Nc3 bxc4 32. bxc4 Rb8 33. Nd5 Rb2+ 34. Kc1 Bd4 35. g4 Rxh4 36. c5 Kg3 37. Rf7 Rh1+ 38. Rf1 Rxf1+ 39. Bxf1 Rf2 40. c6 Rxf1+ 41. Kc2 Rf8 42. c7 Rc8 43. g5 Kh4 44. Kd3 Kxg5 45. a4 h5 46. a5 h4 47. Ke2 Kg4 48. Kf1 Kf3 49. Ke1 h3 50. Kd2 h2 51. Kd3 h1=Q 52. Kc4 Qc1+ 53. Kb4 Rxc7 0-1


[Site "https://www.chess.com"]

[Event "Titled Tuesday Blitz June 27 Early 2023"]
[White "Antipov, Mikhail Al."]
[Black "Halkias, Stelios"]
[WhiteFideId "4107012"]
[BlackFideId "4201809"]
[WhiteElo "2917"]
[BlackElo "2787"]
[Result "1-0"]
[Round "8"]
[TimeControl "180+2"]
[Date "2023.06.27"]
[WhiteClock "0:01:07"]
[BlackClock "0:00:16"]
[Board "13"]

1. e4 c5 2. Nf3 d6 3. d4 cxd4 4. Nxd4 Nf6 5. Nc3 a6 6. Rg1 e5 7. Nb3 h5 8. Be3 Be6 9. h3 Nc6 10. Qf3 Nb4 11. O-O-O Rc8 12. Kb1 Be7 13. a3 Rxc3 14. bxc3 Nc6 15. g4 hxg4 16. hxg4 Na5 17. g5 Nd7 18. g6 Nxb3 19. gxf7+ Bxf7 20. Rxg7 Nf6 21. Rxf7 Na5 22. Rg7 Qd7 23. Bc5 Rf8 24. Bxd6 Qxd6 25. Rxd6 Bxd6 26. Qf5 Nc6 27. Qe6+ Be7 28. Bxa6 1-0


[Site "https://www.chess.com"]

[Event "Titled Tuesday Blitz June 27 Early 2023"]
[White "Nogerbek, Kazybek"]
[Black "Priasmoro, Novendra"]
[WhiteFideId "13710427"]
[BlackFideId "7105029"]
[WhiteElo "2904"]
[BlackElo "2773"]
[Result "1-0"]
[Round "8"]
[TimeControl "180+2"]
[Date "2023.06.27"]
[WhiteClock "0:00:38"]
[BlackClock "0:00:48"]
[Board "14"]

1. d4 Nf6 2. Nf3 g6 3. Nbd2 d5 4. b3 Bg7 5. Bb2 O-O 6. e3 c5 7. dxc5 Nbd7 8. b4 a5 9. a3 Qc7 10. c4 axb4 11. axb4 Rxa1 12. Qxa1 b6 13. cxb6 Qxb6 14. b5 Bb7 15. Be2 Ra8 16. Qb1 dxc4 17. Bd4 Qa5 18. O-O Bxf3 19. Nxf3 c3 20. Qb3 Rc8 21. Rc1 Ne4 22. Bd3 Ndc5 23. Qc2 Nxd3 24. Qxd3 Nd6 25. Bxg7 Kxg7 26. Nd4 Qa3 27. Ne2 c2 28. Qxa3 1-0


[Site "https://www.chess.com"]

[Event "Titled Tuesday Blitz June 27 Early 2023"]
[White "Aradhya, Garg"]
[Black "Henriquez Villagra, Cristobal"]
[WhiteFideId "25006746"]
[BlackFideId "3409350"]
[WhiteElo "2746"]
[BlackElo "2902"]
[Result "1-0"]
[Round "8"]
[TimeControl "180+2"]
[Date "2023.06.27"]
[WhiteClock "0:00:16"]
[BlackClock "0:00:01"]
[Board "15"]

1. d4 d6 2. Nf3 Nf6 3. c4 Nbd7 4. Nc3 e5 5. g3 Be7 6. Bg2 O-O 7. O-O c6 8. e4 Qc7 9. Be3 b6 10. h3 Bb7 11. Rc1 Rfe8 12. Qc2 Bf8 13. Rfd1 Rac8 14. d5 cxd5 15. cxd5 Nc5 16. Nd2 Ba6 17. Bf1 Bxf1 18. Kxf1 Qb7 19. Kg2 b5 20. b4 Na4 21. Qb3 Nxc3 22. Rxc3 Rxc3 23. Qxc3 Rc8 24. Qd3 Be7 25. Nb3 Bd8 26. Bg5 Qa6 27. Bxf6 Bxf6 28. Na5 Bd8 29. Nc6 Qxa2 30. Nxd8 Rxd8 31. Qxb5 Qc2 32. Rd3 Qe2 33. Qc4 g6 34. Rc3 Qb2 35. b5 Rb8 36. Rb3 Qa2 37. Qc7 Rf8 38. Re3 Qa4 39. Qxd6 Qxb5 40. Qxe5 a5 41. Qd4 Rc8 42. d6 a4 43. Rc3 Rd8 44. Qf6 Qe8 45. Kh2 Ra8 46. Qe7 Qb5 47. d7 Qb6 48. Rc8+ Kg7 49. Qf8+ Kf6 50. Kg2 1-0


[Site "https://www.chess.com"]

[Event "Titled Tuesday Blitz June 27 Early 2023"]
[White "Ibarra Jerez, Jose Carlos"]
[Black "Morefield, Jason"]
[WhiteFideId "2226332"]
[BlackFideId "30920825"]
[WhiteElo "2887"]
[BlackElo "2764"]
[Result "1-0"]
[Round "8"]
[TimeControl "180+2"]
[Date "2023.06.27"]
[WhiteClock "0:00:03"]
[BlackClock "0:00:07"]
[Board "16"]

1. e4 e5 2. Nf3 Nc6 3. Bb5 Nf6 4. O-O Nxe4 5. d4 Nd6 6. dxe5 Nxb5 7. a4 Nbd4 8. Nxd4 d5 9. c3 Nxd4 10. cxd4 Bf5 11. Qb3 b6 12. Nc3 c6 13. Ne2 Be7 14. Ng3 Qd7 15. a5 Rb8 16. axb6 axb6 17. Ra6 Bd8 18. Bf4 Be6 19. Nh5 O-O 20. Qg3 g6 21. Bg5 Bxg5 22. Qxg5 Qd8 23. Nf6+ Kg7 24. Ra7 h6 25. Qg3 Ra8 26. Rfa1 Rxa7 27. Rxa7 c5 28. h4 cxd4 29. Qd3 Qb8 30. Re7 Qxe5 31. Ne8+ Kg8 32. Qf3 Qe1+ 33. Kh2 Qe5+ 34. g3 Qf5 35. Qe2 Kh7 36. Kg1 d3 37. Qe3 Kh8 38. Nd6 Qf6 39. Ra7 Qg7 40. Qxd3 Kh7 41. Qe3 Rd8 42. Qxb6 Rd7 43. Ra8 Qf6 44. Ne8 Qg7 45. Qb8 Qf8 46. Nf6+ Kg7 47. Qxf8+ Kxf6 48. Qh8+ Kf5 49. Qd4 g5 50. hxg5 hxg5 51. g4+ Kg6 52. Rg8+ Kh7 53. Qg7# 1-0


[Site "https://www.chess.com"]

[Event "Titled Tuesday Blitz June 27 Early 2023"]
[White "Galchenko, Matvey"]
[Black "De Silva, L M S T"]
[WhiteFideId "24175480"]
[BlackFideId "9953698"]
[WhiteElo "2874"]
[BlackElo "2743"]
[Result "1-0"]
[Round "8"]
[TimeControl "180+2"]
[Date "2023.06.27"]
[WhiteClock "0:00:34"]
[BlackClock "0:00:32"]
[Board "17"]

1. d4 Nf6 2. c4 e6 3. Nc3 Bb4 4. e3 O-O 5. Bd3 d5 6. a3 Be7 7. Nf3 dxc4 8. Bxc4 c5 9. O-O Nc6 10. dxc5 Qa5 11. Qe2 Qxc5 12. b4 Qh5 13. Bb2 e5 14. h3 e4 15. Nd2 Qg6 16. Nd5 Nxd5 17. Bxd5 Bxh3 18. Bxe4 f5 19. Bd5+ Kh8 20. Nc4 Rad8 21. Bf3 b5 22. Ne5 Nxe5 23. Bxe5 Bf6 24. Bxf6 Rxf6 25. Rad1 Rdf8 26. Rd4 f4 27. Rxf4 Rxf4 28. exf4 Rxf4 29. Qxb5 h6 30. Qb8+ 1-0


[Site "https://www.chess.com"]

[Event "Titled Tuesday Blitz June 27 Early 2023"]
[White "Maximov, Dmitry"]
[Black "Vlassov, Nikolai"]
[WhiteFideId "14105659"]
[BlackFideId "4103360"]
[WhiteElo "2853"]
[BlackElo "2629"]
[Result "0-1"]
[Round "8"]
[TimeControl "180+2"]
[Date "2023.06.27"]
[WhiteClock "0:00:08"]
[BlackClock "0:00:11"]
[Board "18"]

1. e4 Nc6 2. Nf3 d5 3. exd5 Qxd5 4. Nc3 Qa5 5. Bb5 Bd7 6. O-O a6 7. Ba4 Nf6 8. d4 O-O-O 9. h3 Qf5 10. Re1 h6 11. b4 Nxb4 12. Re5 Qh7 13. Rb1 Bxa4 14. Nxa4 e6 15. Bf4 Qxc2 16. Qxc2 Nxc2 17. Rc1 Nxd4 18. Nxd4 Rxd4 19. Nb6+ Kd8 20. Be3 Rd3 21. Nc4 Nd5 22. Na5 Kc8 23. Ba7 Bd6 24. Re2 Rd8 25. g3 Bb4 26. Nc4 Rc3 27. Rxc3 Nxc3 28. Rc2 Rd1+ 29. Kg2 Nd5 30. a3 Be7 31. a4 f6 32. a5 Rb1 33. Nb6+ Nxb6 34. axb6 Bd6 35. h4 Kd7 36. bxc7 Bxc7 37. Be3 e5 38. Rd2+ Kc6 39. h5 Bd6 40. Kf3 Rb3 41. Ke4 a5 42. Kf5 a4 43. Kg6 a3 44. Kxg7 Rb2 45. Rd1 a2 46. Ra1 Rc2 47. Kxh6 Bb4 48. Kg7 Bc3 49. Rxa2 Rxa2 50. h6 f5 51. Kg6 f4 52. h7 Ra8 53. gxf4 exf4 54. Bxf4 Kd5 55. Bh6 b5 56. f4 b4 57. f5 b3 58. Bc1 b2 59. Bxb2 Bxb2 60. f6 Ke6 61. f7 Bh8 62. Kg5 Rf8 63. Kg6 Rxf7 64. Kh6 Rg7 65. Kh5 Rxh7+ 66. Kg6 Rg7+ 67. Kh6 Kf5 0-1


[Site "https://www.chess.com"]

[Event "Titled Tuesday Blitz June 27 Early 2023"]
[White "Maksimovic, Bojan"]
[Black "Nakamura, Hikaru"]
[WhiteFideId "14408120"]
[BlackFideId "2016192"]
[WhiteElo "2781"]
[BlackElo "3229"]
[Result "1-0"]
[Round "8"]
[TimeControl "180+2"]
[Date "2023.06.27"]
[WhiteClock "0:01:14"]
[BlackClock "0:00:20"]
[Board "19"]

1. Nf3 g6 2. g3 Bg7 3. d3 e5 4. Bg2 d5 5. Nbd2 Ne7 6. O-O O-O 7. e4 Nbc6 8. c3 a5 9. b3 dxe4 10. dxe4 Qd3 11. Bb2 Bg4 12. Re1 Rfd8 13. h3 Be6 14. Bf1 Qd7 15. Kh2 a4 16. Qc2 h6 17. Rad1 Qe8 18. Bc4 Nc8 19. Bxe6 Qxe6 20. Nc4 Nd6 21. Nxd6 cxd6 22. Rd5 Ne7 23. Rb5 axb3 24. axb3 Qd7 25. c4 Ra2 26. Ra1 Rxa1 27. Bxa1 f5 28. exf5 gxf5 29. Bc3 Qc6 30. Qd1 Rf8 31. Bb4 f4 32. g4 Nc8 33. Rd5 Rf6 34. Nd2 Qb6 35. Ne4 Qxb4 36. Rb5 Qa3 37. Qd5+ Kf8 38. Nxf6 Bxf6 39. Qe6 Qa7 40. Qxc8+ 1-0


[Site "https://www.chess.com"]

[Event "Titled Tuesday Blitz June 27 Early 2023"]
[White "Kilic, Eray"]
[Black "Pranav, V"]
[WhiteFideId "44517173"]
[BlackFideId "25060783"]
[WhiteElo "2780"]
[BlackElo "3027"]
[Result "1-0"]
[Round "8"]
[TimeControl "180+2"]
[Date "2023.06.27"]
[WhiteClock "0:00:17"]
[BlackClock "0:00:00"]
[Board "20"]

1. e4 e5 2. Nf3 Nc6 3. Nc3 Nf6 4. a3 g6 5. d4 exd4 6. Nxd4 Bg7 7. Be3 d6 8. Be2 O-O 9. Nb3 Re8 10. Bf3 Ne5 11. h3 Be6 12. O-O Nc4 13. Bc1 Nd7 14. Be2 Qh4 15. f4 Ndb6 16. f5 Bd7 17. Bd3 Ne5 18. f6 Bh6 19. Bxh6 Qxh6 20. Qe1 c5 21. Nd2 d5 22. Bb5 d4 23. Bxd7 dxc3 24. Bxe8 cxd2 25. Bxf7+ Nxf7 26. Qf2 Nc4 27. Rfd1 Re8 28. b3 Ncd6 29. Rxd2 Rxe4 30. Rad1 Rf4 31. Qxc5 b6 32. Qc3 Ne8 33. Qc8 Re4 34. Rd7 Qe3+ 35. Kh1 Qf2 36. Re7 Rxe7 37. fxe7 Nd6 38. Qe6+ Kg7 39. c4 Qf6 40. Qe3 Nf5 41. Qf2 Nxe7 42. Qe2 Kf7 43. Rd7 Ng7 44. Rxa7 Nf5 45. Qf2 Qa1+ 46. Kh2 Qe5+ 47. g3 h5 48. h4 Kf6 49. Ra8 Kg7 50. Re8 Nh6 51. Qf8+ Kh7 52. Rxe7+ 1-0


[Site "https://www.chess.com"]

[Event "Titled Tuesday Blitz June 27 Early 2023"]
[White "Bryakin, Mikhail"]
[Black "Nguyen, Ngoc Truong Son"]
[WhiteFideId "4165314"]
[BlackFideId "12401110"]
[WhiteElo "2769"]
[BlackElo "2951"]
[Result "0-1"]
[Round "8"]
[TimeControl "180+2"]
[Date "2023.06.27"]
[WhiteClock "0:00:04"]
[BlackClock "0:00:04"]
[Board "21"]

1. Nf3 Nf6 2. d4 g6 3. c4 Bg7 4. g3 O-O 5. Nc3 d6 6. Bg2 Nbd7 7. O-O e5 8. h3 h6 9. e4 c6 10. d5 Nc5 11. Ne1 Bd7 12. Nd3 Nxd3 13. Qxd3 Ne8 14. Be3 f5 15. exf5 gxf5 16. f4 e4 17. Qd2 c5 18. Kh2 h5 19. Rg1 Nf6 20. Bf1 Qe7 21. Be2 Kf7 22. Rab1 Rh8 23. a3 b6 24. b4 Kg6 25. bxc5 dxc5 26. Nd1 Ne8 27. Nf2 Nd6 28. Qc2 Bd4 29. Qd2 Qf6 30. Rbd1 Ba4 31. Rc1 Bxe3 32. Qxe3 Qd4 33. Rc3 a6 34. Rgc1 Rad8 35. Bd1 Bxd1 36. Nxd1 Kf6 37. R3c2 b5 38. Rd2 Qxe3 39. Nxe3 Rc8 40. Rdc2 b4 41. axb4 cxb4 42. c5 Nb5 43. Ra2 Ra8 44. Ra5 Rhc8 45. c6 Nc3 46. Nc4 Rab8 47. Rxa6 Kg7 48. Ne3 b3 49. Nxf5+ Kh8 50. Ra7 b2 51. Re1 b1=Q 52. Rxb1 Rxb1 53. g4 Rb2+ 54. Kg3 Nxd5 55. g5 Rb3+ 56. Kh4 Nxf4 57. Ng3 Rxc6 58. Ra8+ Kh7 59. Ra7+ Kg6 60. Ra8 Ng2# 0-1


[Site "https://www.chess.com"]

[Event "Titled Tuesday Blitz June 27 Early 2023"]
[White "Atakhan, Abtin"]
[Black "Mardov, Dimitar"]
[WhiteFideId "22502203"]
[BlackFideId "30919495"]
[WhiteElo "2751"]
[BlackElo "2850"]
[Result "1-0"]
[Round "8"]
[TimeControl "180+2"]
[Date "2023.06.27"]
[WhiteClock "0:00:13"]
[BlackClock "0:00:04"]
[Board "23"]

1. Nf3 d5 2. g3 Nf6 3. Bg2 Bg4 4. c4 e6 5. Qb3 Bxf3 6. Bxf3 b6 7. Nc3 c6 8. d4 Nbd7 9. O-O Be7 10. e4 dxc4 11. Qxc4 Rc8 12. Bf4 O-O 13. Qa6 Ra8 14. Rac1 Qc8 15. Qe2 Qb7 16. d5 e5 17. Bg5 Rac8 18. Rfd1 cxd5 19. exd5 Bd6 20. Nb5 Qb8 21. Rc6 Bc5 22. a3 e4 23. Bg2 a6 24. Nc3 Rce8 25. b4 Bd6 26. Qxa6 Be5 27. Nxe4 Nxe4 28. Bxe4 Bxg3 29. Bxh7+ Kxh7 30. hxg3 Ne5 31. Bf4 Qd8 32. Bxe5 Rxe5 33. Qxb6 Qg5 34. Qd4 Kg8 35. Kg2 Rfe8 36. Rdc1 Re4 37. Qd3 Re2 38. Rc8 g6 39. Qxe2 1-0


[Site "https://www.chess.com"]

[Event "Titled Tuesday Blitz June 27 Early 2023"]
[White "Kravtsiv, Martyn"]
[Black "Postny, Evgeny"]
[WhiteFideId "14113147"]
[BlackFideId "2804344"]
[WhiteElo "2844"]
[BlackElo "2731"]
[Result "0-1"]
[Round "8"]
[TimeControl "180+2"]
[Date "2023.06.27"]
[WhiteClock "0:01:21"]
[BlackClock "0:00:16"]
[Board "24"]

1. e4 e5 2. Nf3 Nc6 3. Nc3 Nf6 4. a4 g6 5. Bc4 Bg7 6. d3 d6 7. Be3 O-O 8. h3 Be6 9. Bxe6 fxe6 10. Ne2 d5 11. Ng3 Qd6 12. O-O Rad8 13. Qe2 h6 14. c3 Kh7 15. Rfd1 d4 16. cxd4 exd4 17. Bxh6 Bxh6 18. e5 Nxe5 19. Nxe5 Nd5 20. Qe4 Nf4 21. Re1 Qd5 22. Rad1 Qxe4 23. Rxe4 Rd5 24. Nf3 Nxh3+ 25. gxh3 Rxf3 26. Rxe6 Rd7 27. Ne4 Kg7 28. Kg2 Rf5 29. b4 Kf7 30. Re1 Kxe6 31. Nc5+ Kd6 32. Re6+ Kd5 33. Re8 Rd6 34. Nxb7 Rdf6 35. Re2 Kc6 36. Nc5 Rxc5 37. bxc5 Kxc5 38. Re5+ Kb4 39. Re7 Bf4 0-1


[Site "https://www.chess.com"]

[Event "Titled Tuesday Blitz June 27 Early 2023"]
[White "Drozdowski, Kacper"]
[Black "splendidkid"]
[WhiteFideId "1136720"]
[WhiteElo "2844"]
[BlackElo "2729"]
[Result "1/2-1/2"]
[Round "8"]
[TimeControl "180+2"]
[Date "2023.06.27"]
[WhiteClock "0:00:13"]
[BlackClock "0:00:14"]
[Board "25"]

1. e4 c5 2. Nf3 d6 3. d4 cxd4 4. Nxd4 Nf6 5. f3 e5 6. Nb3 d5 7. Bg5 Be6 8. Bxf6 gxf6 9. exd5 Qxd5 10. Qxd5 Bxd5 11. Nc3 Be6 12. O-O-O Nc6 13. Bb5 a6 14. Bxc6+ bxc6 15. Na5 Rc8 16. Ne4 Ke7 17. g4 h5 18. h3 Bh6+ 19. Kb1 Be3 20. Nd6 Rc7 21. Nac4 Bc5 22. Nf5+ Bxf5 23. gxf5 Rg8 24. Nd2 Rb7 25. Ne4 Ba3 26. b3 a5 27. Rhg1 Rbb8 28. c3 Ra8 29. Kc2 Rab8 30. Kd3 Rbd8+ 31. Kc4 Rxd1 32. Rxg8 Rf1 33. Ra8 Rxf3 34. Rxa5 Bc1 35. Ra7+ Kf8 36. Nd6 Rf4+ 37. Kd3 Rf3+ 38. Kc2 Bg5 39. Rxf7+ Kg8 40. Rc7 Rxh3 41. a4 Rh2+ 42. Kb1 h4 43. Rc8+ Kg7 44. Rc7+ Kh6 45. Nf7+ Kh5 46. Nxg5 Kxg5 47. a5 Rh1+ 48. Kb2 Rh2+ 49. Ka3 Rh1 50. Kb2 Rh2+ 51. Ka3 Rh1 52. Kb2 1/2-1/2


[Site "https://www.chess.com"]

[Event "Titled Tuesday Blitz June 27 Early 2023"]
[White "Matinian, Nikita"]
[Black "Grigoriants, Sergey"]
[WhiteFideId "24129100"]
[BlackFideId "4130804"]
[WhiteElo "2726"]
[BlackElo "2839"]
[Result "1-0"]
[Round "8"]
[TimeControl "180+2"]
[Date "2023.06.27"]
[WhiteClock "0:00:10"]
[BlackClock "0:00:00"]
[Board "26"]

1. e4 e5 2. Nf3 Nc6 3. Bb5 a6 4. Ba4 Nf6 5. O-O b5 6. Bb3 Bc5 7. c3 d6 8. d4 Bb6 9. Be3 O-O 10. Nbd2 h6 11. h3 Bb7 12. d5 Ne7 13. Bxb6 cxb6 14. Re1 Bc8 15. Bc2 Bd7 16. Bd3 Ng6 17. b4 Rc8 18. Rc1 Nf4 19. Bf1 Nh7 20. c4 f5 21. c5 bxc5 22. bxc5 Rxc5 23. Rxc5 dxc5 24. Nxe5 fxe4 25. Nxe4 c4 26. Nc5 Bf5 27. d6 Qb6 28. Ncd7 Bxd7 29. Nxd7 Nxh3+ 30. gxh3 Qxf2+ 31. Kh1 Ng5 32. Qe2 Qxe2 33. Bxe2 Rd8 34. Bg4 h5 35. Bf5 g6 36. Bxg6 Rxd7 37. Re8+ Kg7 38. Re7+ Kxg6 39. Rxd7 Ne4 40. Re7 1-0


[Site "https://www.chess.com"]

[Event "Titled Tuesday Blitz June 27 Early 2023"]
[White "Harsh Suresh"]
[Black "Preotu, Razvan"]
[WhiteFideId "45018464"]
[BlackFideId "2613280"]
[WhiteElo "2818"]
[BlackElo "2720"]
[Result "1-0"]
[Round "8"]
[TimeControl "180+2"]
[Date "2023.06.27"]
[WhiteClock "0:00:46"]
[BlackClock "0:00:03"]
[Board "27"]

1. e4 c5 2. Nf3 d6 3. Bb5+ Nd7 4. c4 Nf6 5. Nc3 e6 6. O-O Be7 7. d3 O-O 8. Ba4 Ne5 9. Ne1 Nc6 10. Be3 Bd7 11. a3 a6 12. Rb1 Rb8 13. b4 cxb4 14. axb4 b5 15. cxb5 axb5 16. Bxb5 d5 17. exd5 Nxd5 18. Nxd5 exd5 19. Bxc6 Bxc6 20. Bd4 Rxb4 21. Rxb4 Bxb4 22. Bxg7 Kxg7 23. Qg4+ Kh8 24. Qxb4 d4 25. Nc2 Ba8 26. Nxd4 Rg8 27. f3 Qg5 28. Qb2 Qg7 29. Rb1 Rd8 30. Nf5 Qxb2 31. Rxb2 h5 32. d4 Kh7 33. Rd2 Kg6 34. Ne3 f5 35. Kf2 f4 36. Nc4 Bd5 37. Ne5+ Kf5 38. Nd3 Ra8 39. Re2 Bc4 40. Re5+ Kf6 41. Nxf4 Ra2+ 42. Kg3 h4+ 43. Kxh4 1-0


[Site "https://www.chess.com"]

[Event "Titled Tuesday Blitz June 27 Early 2023"]
[White "Arhan_Anand"]
[Black "Sethuraman, S.P."]
[BlackFideId "5021596"]
[WhiteElo "2713"]
[BlackElo "2812"]
[Result "0-1"]
[Round "8"]
[TimeControl "180+2"]
[Date "2023.06.27"]
[WhiteClock "0:02:08"]
[BlackClock "0:01:50"]
[Board "28"]

1. d4 d5 2. c4 e6 3. Nf3 Nf6 4. Nc3 c6 5. e3 Nbd7 6. Be2 Bd6 7. O-O O-O 8. b3 b6 9. Bb2 Bb7 10. Bd3 Re8 11. Qc2 Rc8 12. Rac1 Qe7 13. Rfe1 dxc4 14. bxc4 c5 15. d5 exd5 16. cxd5 c4 17. Bf5 g6 18. Bxd7 Nxd7 19. e4 Bf4 20. Rcd1 Nc5 21. Nb5 Nd3 22. Rxd3 cxd3 23. Qxd3 Qb4 24. Bc3 Qc4 25. Qxc4 Rxc4 26. g3 Bb8 27. Nd2 Rc5 28. Nd4 Rxc3 0-1


[Site "https://www.chess.com"]

[Event "Titled Tuesday Blitz June 27 Early 2023"]
[White "Rahman, Masruri"]
[Black "Leon Oquendo, Jorge"]
[WhiteFideId "7101163"]
[BlackFideId "3514803"]
[WhiteElo "2804"]
[BlackElo "2687"]
[Result "0-1"]
[Round "8"]
[TimeControl "180+2"]
[Date "2023.06.27"]
[WhiteClock "0:00:00"]
[BlackClock "0:00:16"]
[Board "29"]

1. d4 Nf6 2. Bf4 d5 3. e3 e6 4. Nd2 Bd6 5. Bg3 O-O 6. Bd3 c5 7. c3 Nc6 8. Ngf3 b6 9. e4 dxe4 10. Nxe4 Nxe4 11. Bxe4 Bb7 12. dxc5 Bxc5 13. Qa4 Qc8 14. Bxh7+ Kxh7 15. Qh4+ Kg8 16. Ng5 Rd8 17. Qh7+ Kf8 18. Qh8+ Ke7 19. Qxg7 Rf8 20. Rd1 Qe8 21. Nh7 Qc8 22. Bh4+ Ke8 23. Nf6+ Ke7 24. O-O a5 25. Rd2 Ra7 26. Rd7+ Qxd7 27. Nxd7+ Kxd7 28. Rd1+ Kc8 29. a3 a4 30. Qg5 Ba6 31. Bg3 Rd7 32. Rxd7 Kxd7 33. Qf4 e5 34. Qxa4 Bb7 35. Qg4+ Kc7 36. b4 Bd6 37. Qc4 Kb8 38. h4 f5 39. Qd5 Bc7 40. f3 f4 41. Bf2 Rd8 42. Qc4 Ne7 43. Qe6 Bd6 44. h5 Bc8 45. Qc4 Bc7 46. Qb5 Kb7 47. c4 Nf5 0-1


[Site "https://www.chess.com"]

[Event "Titled Tuesday Blitz June 27 Early 2023"]
[White "Mickiewicz, Piotr"]
[Black "Vakhlamov, Igor L."]
[WhiteFideId "1114891"]
[BlackFideId "24126748"]
[WhiteElo "2421"]
[BlackElo "2792"]
[Result "0-1"]
[Round "8"]
[TimeControl "180+2"]
[Date "2023.06.27"]
[WhiteClock "0:01:14"]
[BlackClock "0:00:25"]
[Board "30"]

1. Nf3 c5 2. g3 Nf6 3. Bg2 g6 4. O-O Bg7 5. d3 d5 6. c3 O-O 7. Nbd2 Nc6 8. a3 e5 9. e4 h6 10. b4 dxe4 11. dxe4 Qe7 12. b5 Na5 13. a4 Rd8 14. Qe2 b6 15. Re1 Bb7 16. Bb2 Rd7 17. c4 Ne8 18. Bc3 Nd6 19. Bxa5 bxa5 20. h4 Re8 21. h5 Rdd8 22. hxg6 fxg6 23. Nh4 Kh7 24. Nb3 Qc7 25. Qg4 g5 26. Nf5 Bc8 27. Qh5 Nxf5 28. exf5 Bxf5 29. Be4 Bxe4 30. Rxe4 Re6 31. Rae1 Rd3 32. Qg4 Rf6 33. Rxe5 Rxb3 34. Re7 Qd8 35. Rd7 Qf8 36. Ree7 Rb1+ 37. Kg2 Rxf2+ 0-1


[Site "https://www.chess.com"]

[Event "Titled Tuesday Blitz June 27 Early 2023"]
[White "Sowul, Bartosz"]
[Black "Weetik, Vjacheslav"]
[WhiteFideId "1137590"]
[BlackFideId "4153472"]
[WhiteElo "2614"]
[BlackElo "2787"]
[Result "0-1"]
[Round "8"]
[TimeControl "180+2"]
[Date "2023.06.27"]
[WhiteClock "0:00:07"]
[BlackClock "0:00:58"]
[Board "31"]

1. e4 c6 2. d4 d5 3. e5 Bf5 4. h4 Qb6 5. a4 h6 6. a5 Qc7 7. c3 e6 8. Nf3 a6 9. Bd3 Bg4 10. b4 Nd7 11. Nbd2 O-O-O 12. h5 f6 13. Qe2 fxe5 14. dxe5 c5 15. b5 c4 16. Bc2 axb5 17. Rh4 Bxf3 18. Nxf3 Bc5 19. Be3 Ne7 20. a6 Kb8 21. axb7 Qxb7 22. Nd4 Bxd4 23. Bxd4 Nc6 24. Kf1 Kc7 25. Bc5 Nxc5 26. Rg4 Rd7 27. Qe3 Qb6 28. Qg3 d4 29. Rxg7 d3 30. Rxd7+ Nxd7 31. Qg7 Rf8 0-1


[Site "https://www.chess.com"]